 Dungeon Crawl Stone Soup version 0.31.0-11-ge490571c62 (console) character file.

Game seed: 16855424977405369624

16398 Ignak the Thaumaturge (level 12, -2/91 HPs)
             Began as a Gnoll Hedge Wizard on Feb 7, 2024.
             Was a High Priest of Sif Muna.
             Slain by Donald
             ... wielding a +0 scimitar
              (33 damage)
             ... on level 1 of the Orcish Mines.
             The game lasted 00:38:36 (11593 turns).

Ignak the Thaumaturge (Gnoll Hedge Wizard)         Turns: 11593, Time: 00:38:36

Health: -2/91      AC: 13    Str:  8    XL:     12   Next: 37%
Magic:  26/35      EV: 18    Int: 17    God:    Sif Muna [*****.]
Gold:   1403       SH:  0    Dex: 20    Spells: 1/31 levels left

rFire   + + .        b - +5 scythe "Finisher" {speed, execute}
rCold   + . .        (shield currently unavailable)
rNeg    . . .        l - +2 robe of Asatusue {rF+++ Str-3 Dex+8}
rPois   .            F - +0 helmet
rElec   .            B - +0 cloak
rCorr   .            o - +2 pair of gloves
SInv    .            J - +1 pair of boots {Fly}
Will    ++...        t - amulet of regeneration
Stlth   ++++         A - ring "Ahaoted" {Will++ MP+9 Slay+5}
HPRegen 1.15/turn    i - ring of ice
MPRegen 0.24/turn

%: no passive effects
@: flying
A: fangs 2, strong nose, distributed training, subdued magic 1
a: Renounce Religion, Channel Magic, Forget Spell, Divine Exegesis


You were on level 1 of the Orcish Mines.
You worshipped Sif Muna.
Sif Muna was extremely pleased with you.
You visited 3 branches of the dungeon, and saw 13 of its levels.
You also visited: Ossuary and Bailey.

You collected 1767 gold pieces.
You spent 364 gold pieces at shops.

Inventory:

Hand Weapons
 a - the +10 halberd of Armageddon {venom, rElec rPois rC+ Int-4}
   (You bought it in a shop on level 7 of the Dungeon)

   Int-4:     It affects your intelligence (-4).
   rC+:       It protects you from cold.
   rElec:     It insulates you from electricity.
   rPois:     It protects you from poison
 b - the +5 scythe "Finisher" (weapon) {speed, execute}
   (You found it on level 10 of the Dungeon)
Missiles
 h - 27 poisoned darts (quivered)
 O - a throwing net
Armour
 g - a +0 buckler
 l - the +2 robe of Asatusue (worn) {rF+++ Str-3 Dex+8}
   (You found it on level 2 of the Dungeon)

   Str-3:     It affects your strength (-3).
   Dex+8:     It affects your dexterity (+8).
   rF+++:     It renders you almost immune to fire.
 o - a +2 pair of gloves (worn)
 B - a +0 cloak (worn)
 F - a +0 helmet (worn)
 J - a +1 pair of boots of flying (worn)
Jewellery
 i - a ring of ice (right hand)
 t - an amulet of regeneration (around neck)
 A - the ring "Ahaoted" (left hand) {Will++ MP+9 Slay+5}
   (You took it off an orc on level 6 of the Dungeon)

   [ring of magical power]

   Slay+5:    It affects your accuracy & damage with ranged weapons and melee
   (+5).
   Will++:    It greatly increases your willpower.
   MP+9:      It affects your magic capacity (+9).
 I - an amulet of magic regeneration
 N - a ring of protection from fire
Wands
 u - a wand of iceblast (22)
 v - a wand of charming (20)
 z - a wand of flame (59)
Scrolls
 e - a scroll of fear
 f - 2 scrolls of immolation
 j - 3 scrolls of enchant armour
 m - 4 scrolls of teleportation
 p - 2 scrolls of identify
 r - 2 scrolls of butterflies
 w - 2 scrolls of enchant weapon
 y - a scroll of vulnerability
 G - 3 scrolls of blinking
 H - 3 scrolls of revelation
 K - 3 scrolls of amnesia
 L - a scroll of poison
Potions
 c - a potion of invisibility {unknown}
 d - a potion of magic
 k - 3 potions of curing
 n - 3 potions of attraction
 q - 3 potions of brilliance
 s - 2 potions of lignification
 x - 2 potions of haste {unknown}
 C - 2 potions of heal wounds {unknown}
 D - 5 potions of enlightenment
 E - a potion of degeneration {unknown}
 M - 3 potions of mutation


   Skills:
 + Level 7.5 Fighting
 + Level 7.5 Short Blades
 + Level 7.5 Long Blades
 + Level 7.5 Axes
 + Level 7.5 Maces & Flails
 + Level 7.5 Polearms
 + Level 7.5 Staves
 + Level 7.5 Ranged Weapons
 + Level 7.5 Throwing
 + Level 7.5 Armour
 + Level 8.9 Dodging
 + Level 8.6 Stealth
 + Level 7.5 Shields
 + Level 7.5 Unarmed Combat
 + Level 10.4 Spellcasting
 + Level 6.6 Conjurations
 + Level 6.2 Hexes
 + Level 6.6 Summonings
 + Level 6.2 Necromancy
 + Level 6.6 Translocations
 + Level 6.2 Fire Magic
 + Level 6.2 Ice Magic
 + Level 6.2 Air Magic
 + Level 6.2 Earth Magic
 + Level 6.2 Alchemy
 + Level 8.2 Invocations
 + Level 7.5 Evocations
 + Level 6.8 Shapeshifting


You had one spell level left.
You knew the following spells:

 Your Spells              Type           Power      Damage    Failure   Level
a - Magic Dart            Conj           96%        1d7       1%          1
b - Blink                 Tloc           48%        N/A       1%          2
c - Ensorcelled Hibernat  Hex/Ice        68%        N/A       1%          2
d - Mephitic Cloud        Conj/Alch/Air  23%        N/A       1%          3
e - Call Imp              Summ           48%        N/A       1%          2
f - Freezing Cloud        Conj/Ice/Air   17%        6-21      14%         5
g - Sandblast             Erth           46%        2d11      1%          1
h - Swiftness             Air            23%        N/A       1%          3
r - Stone Arrow           Conj/Erth      46%        3d9       1%          3
t - Passwall              Erth           23%        N/A       1%          3
w - Summon Forest         Summ/Tloc      12%        N/A       12%         5

Your spell library contained the following spells:

 Spells                   Type           Power      Damage    Failure   Level
 Apportation              Tloc           48%        N/A       1%          1
 Slow                     Hex            92%        N/A       1%          1
 Cigotuvi's Dreadful Rot  Necr/Alch/Air  46%        N/A       1%          2
 Lesser Beckoning         Tloc           48%        N/A       1%          2
 Momentum Strike          Conj/Tloc      48%        3d9       1%          2
 Sublimation of Blood     Necr           23%        N/A       1%          2
 Call Canine Familiar     Summ           24%        N/A       1%          3
 Gell's Gravitas          Tloc           24%        N/A       1%          3
 Ozocubu's Armour         Ice            34%        N/A       1%          3
 Sigil of Binding         Hex            23%        N/A       1%          3
 Teleport Other           Tloc           24%        N/A       1%          3
 Brom's Barrelling Bould  Conj/Erth      23%        2d4       4%          4
 Dimensional Bullseye     Hex/Tloc       11%        N/A       4%          4
 Petrify                  Alch/Erth      23%        N/A       4%          4
 Irradiate                Conj/Alch      11%        3d15      13%         5
 Metabolic Englaciation   Hex/Ice        17%        N/A       14%         5
 Dispersal                Tloc           12%        N/A       58%         6
 Eringya's Noxious Bog    Alch           11%        4d6       63%         6
 Sculpt Simulacrum        Ice/Alch       17%        N/A       63%         6
 Summon Hydra             Summ           12%        N/A       99%         7


Dungeon Overview and Level Annotations

Branches:
Dungeon (10/15)            Temple (1/1) D:4            Lair (0/5) D:10
    Orc (2/2) D:10        Ossuary (visited)          Bailey (visited)
    Elf: Orc:2

Altars:
Ashenzari
Cheibriados
Dithmenos
Elyvilon
Fedhas
Gozag
Hepliaklqana
Kikubaaqudgha
Makhleb
Nemelex Xobeh
Okawaru
Qazlal
Ru
Sif Muna
Trog
Uskayaw
Vehumet
Wu Jian
Xom
Yredelemnul
Zin
The Shining One

Shops:
D:1 ?   D:4 *   D:7 *?((*   Orc:1 (

Annotations:
Orc:1 Donald


Innate Abilities, Weirdness & Mutations

You have extremely sharp teeth.
Your uncanny sense of smell can sniff out nearby items.
Your experience applies equally to all skills.
Your spells are a little easier to cast, but a little less powerful.


Message History

Aiming: Mephitic Cloud (safe; 1% risk of failure)
Press: ? - help, Shift-Dir - straight line, f - Donald
Aim: Donald, wielding a +0 scimitar, wearing a +1 plate armour of positive energy and wearing a +0 kite shield (fast, strong, chance to affect: 34%)
The ball explodes into a vile cloud!
The stinking cloud engulfs Donald.
Donald is engulfed in noxious fumes.
Unknown command.
Press: ? - help, v - describe, . - travel
Here: Donald, wielding a +0 scimitar, wearing a +1 plate armour of positive energy and wearing a +0 kite shield (fast, strong)
The floor.
Unknown command.
Casting: Mephitic Cloud (safe; 1% risk of failure)
Confirm with . or Enter, or press ? or * to list all spells.
Aiming: Mephitic Cloud (safe; 1% risk of failure)
Press: ? - help, Shift-Dir - straight line, f/p - Donald
Aim: Donald, wielding a +0 scimitar, wearing a +1 plate armour of positive energy and wearing a +0 kite shield (fast, strong, chance to affect: 34%)
The ball explodes into a vile cloud!
The stinking cloud engulfs Donald.
Donald is engulfed in noxious fumes.
Donald appears confused.
Donald is engulfed in noxious fumes.
Donald sticks a finger up his nose.
Donald hits you with a +0 scimitar!!
* * * LOW HITPOINT WARNING * * *
You feel ready to blink again.
Donald is engulfed in noxious fumes.
Reach: b) +5 scythe "Finisher" {speed, execute}
Press: ? - help, Dir - move target, f/p - Donald
Aim: Donald, wielding a +0 scimitar, wearing a +1 plate armour of positive energy and wearing a +0 kite shield (noxious fumes, fast, strong, confused, about 10% to evade the +5 scythe "Finisher")
You reach to attack!
You catch the helpless Donald completely off-guard!
You hit Donald.
Donald is lightly wounded.
Donald is engulfed in noxious fumes.
Donald says, "Oh boy, oh boy, oh boy!"
Donald hits himself with a +0 scimitar!
You see here a +0 dagger.
Casting: Mephitic Cloud (safe; 1% risk of failure)
Confirm with . or Enter, or press ? or * to list all spells.
A tiny devil pulls itself out of the air.
Donald seems less confused.
Donald hits you with a +0 scimitar!!
You die...
Donald says, "I won.
I... don't hate that."

#...................[.......#
#
##.##..........#.....[[.#...##
#
#####..............[........##
#.............○☼.........#
##..#.#.#....§§○........##
#....#.###.#..§#.>.......##
##......#.)#.§☼☼..........#
##..<...5[)@..............#
#......[#.@[........##.....
##.##.##.#.#..........#....
######....).............##
#....................
##...................
##...##...............
#...###...#.##....#..# ##.##
##.#####.....#.. ###
##.#.####.......


You could see Donald (fast, strong, ally target) and a friendly cerulean imp
(summoned).

Vanquished Creatures
  Gastronok (D:8)
  A two-headed ogre (D:10)
  A death yak (D:9)
  A skeletal warrior (D:9)
  An orc knight (Bailey)
  Maggie (D:9)
  2 kobold demonologists (D:10)
  2 wyverns
  2 wraiths (D:10)
  43 yaks
  2 steam dragons
  Menkaure (D:5)
  3 ice beasts
  14 orc warriors
  3 ogres
  A phantom (D:3)
  A kobold brigand (D:9)
  2 elf zombies (Ossuary)
  2 bullfrogs
  3 scorpions
  8 wights
  9 killer bees
  3 bombardier beetles
  5 howler monkeys
  An electric eel (D:9)
  A centaur zombie (Ossuary)
  A human zombie (Ossuary)
  A jelly (D:5)
  A gnoll bouda (D:9)
  9 orc priests
  Crazy Yiuf (D:7)
  An iguana (D:5)
  14 orc wizards
  6 hound zombies (Ossuary)
  2 mummies (Ossuary)
  3 adders
  11 gnolls
  4 shadow imps
  A white imp (D:7)
  2 adder zombies (Ossuary)
  3 dart slugs
  32 orcs
  7 ball pythons
  8 endoplasms
  10 giant cockroaches
  2 gnoll zombies (Ossuary)
  8 hobgoblins
  6 jackals
  A quokka (D:1)
  3 training dummies (Orc:1)
  8 bats
  2 frilled lizards
  7 goblins
  5 jackal zombies (Ossuary)
  22 kobolds
  7 kobold zombies (Ossuary)
  10 orc zombies (Ossuary)
  3 rats
315 creatures vanquished.

Vanquished Creatures (collateral kills)
  2 yaks (D:5)
  An orc warrior (Orc:1)
  A black bear (D:5)
  A bullfrog (D:6)
  A bombardier beetle (D:6)
  A centaur zombie (Ossuary)
  An orc priest (D:10)
  An orc wizard (D:6)
  A gnoll (D:2)
  5 orcs
  2 ball pythons
  A bat (D:2)
  An endoplasm (D:1)
  5 giant cockroaches
  A hobgoblin (D:1)
  A jackal (D:1)
  A quokka (Temple)
  A kobold (D:1)
  2 rats
30 creatures vanquished.

Grand Total: 345 creatures vanquished

Notes
Turn   | Place    | Note
-------+----------+-------------------------------------------
     0 | D:1      | Ignak the Gnoll Hedge Wizard began the quest for the Orb.
     0 | D:1      | Reached XP level 1. HP: 13/13 MP: 8/8
   106 | D:1      | Found Giutogasm's Magic Scroll Shoppe.
   169 | D:1      | Reached XP level 2. HP: 19/19 MP: 8/10
   183 | D:1      | Learned a level 2 spell: Blink
   186 | D:1      | Learned a level 2 spell: Call Imp
   189 | D:1      | Learned a level 2 spell: Ensorcelled Hibernation
   374 | D:1      | Found a faded altar of an unknown god.
   516 | D:1      | Reached XP level 3. HP: 22/25 MP: 3/11
   595 | D:1      | Learned a level 3 spell: Mephitic Cloud
   599 | D:1      | Learned a level 3 spell: Passwall
   603 | D:1      | Learned a level 3 spell: Swiftness
  1027 | D:1      | Reached skill level 1 in Invocations
  1225 | D:2      | Reached skill level 1 in Fighting
  1225 | D:2      | Reached skill level 1 in Short Blades
  1225 | D:2      | Reached skill level 1 in Long Blades
  1225 | D:2      | Reached skill level 1 in Axes
  1225 | D:2      | Reached skill level 1 in Maces & Flails
  1225 | D:2      | Reached skill level 1 in Polearms
  1225 | D:2      | Reached skill level 1 in Staves
  1225 | D:2      | Reached skill level 1 in Ranged Weapons
  1225 | D:2      | Reached skill level 1 in Throwing
  1225 | D:2      | Reached skill level 1 in Armour
  1225 | D:2      | Reached skill level 1 in Shields
  1225 | D:2      | Reached skill level 1 in Unarmed Combat
  1225 | D:2      | Reached skill level 1 in Evocations
  1234 | D:2      | Reached skill level 1 in Shapeshifting
  1234 | D:2      | Reached XP level 4. HP: 13/32 MP: 2/13
  1408 | D:2      | Identified the +2 robe of Asatusue {rF+++ Str-3 Dex+8}
  1680 | D:2      | Reached skill level 1 in Hexes
  1680 | D:2      | Reached skill level 1 in Necromancy
  1680 | D:2      | Reached skill level 1 in Fire Magic
  1680 | D:2      | Reached skill level 1 in Ice Magic
  1680 | D:2      | Reached skill level 1 in Air Magic
  1680 | D:2      | Reached skill level 1 in Earth Magic
  1680 | D:2      | Reached skill level 1 in Alchemy
  2573 | D:3      | Reached XP level 5. HP: 33/37 MP: 3/14
  2817 | D:3      | Found a shimmering blue altar of Sif Muna.
  2826 | D:3      | Became a worshipper of Sif Muna the Loreminder
  3206 | D:4      | Found Kohor's Assorted Antiques.
  3233 | D:4      | Noticed a phantom
  3332 | D:3      | Killed a phantom
  3462 | D:4      | Found a staircase to the Ecumenical Temple.
  3464 | D:4      | Found a sand-covered staircase.
  3473 | Ossuary  | Entered an ossuary
  3487 | Ossuary  | Learned a level 1 spell: Sandblast
  3521 | Ossuary  | Reached XP level 6. HP: 44/44 MP: 8/16
  3599 | Ossuary  | Reached skill level 5 in Dodging
  3739 | Ossuary  | Reached * piety under Sif Muna
  3900 | Ossuary  | Reached XP level 7. HP: 51/51 MP: 10/18
  4011 | Ossuary  | Learned a level 3 spell: Stone Arrow
  4174 | Ossuary  | Gained mutation: You have sharp toenails. [potion of
                  | mutation]
  4174 | Ossuary  | Gained mutation: Your spells are a little harder to cast,
                  | but a little more powerful. [potion of mutation]
  4179 | Ossuary  | Lost mutation: You have sharp toenails. [potion of
                  | mutation]
  4179 | Ossuary  | Lost mutation: Your spells are a little harder to cast, but
                  | a little more powerful. [potion of mutation]
  4179 | Ossuary  | Gained mutation: You have extremely sharp teeth. [potion of
                  | mutation]
  4179 | Ossuary  | Gained mutation: Your spells are a little easier to cast,
                  | but a little less powerful. [potion of mutation]
  4212 | D:4      | Reached ** piety under Sif Muna
  4221 | D:4      | Reached skill level 5 in Stealth
  4233 | Temple   | Entered the Ecumenical Temple
  4715 | D:4      | Reached XP level 8. HP: 29/58 MP: 13/19
  5055 | D:5      | Entered Level 5 of the Dungeon
  5256 | D:5      | Noticed Menkaure
  5260 | D:5      | Killed Menkaure
  5402 | D:5      | Reached skill level 8 in Spellcasting
  6358 | D:6      | Noticed a yak
  6360 | D:6      | Noticed a yak
  6360 | D:6      | Noticed a yak
  6360 | D:6      | Noticed a yak
  6361 | D:6      | Noticed a yak
  6377 | D:5      | Killed a yak
  6378 | D:5      | Reached XP level 9. HP: 55/65 MP: 19/21
  6435 | D:5      | Reached *** piety under Sif Muna
  6604 | D:5      | Reached skill level 5 in Invocations
  6678 | D:6      | Identified the ring "Ahaoted" {Will++ MP+9 Slay+5}
  6743 | D:6      | Found an opulent altar of Gozag.
  6971 | D:6      | Found a bloodstained altar of Trog.
  7061 | D:6      | Found a white marble altar of Elyvilon.
  7623 | D:7      | Found Lawietro's Antique Weapon Emporium.
  7629 | D:7      | Bought a polished halberd for 243 gold pieces
  7629 | D:7      | Identified the +10 halberd of Armageddon {venom, rElec
                  | rPois rC+ Int-4} (You bought it in a shop on level 7 of the
                  | Dungeon)
  7659 | D:7      | Found Muneych's General Store.
  7662 | D:7      | Bought a scroll of teleportation for 39 gold pieces
  7824 | D:7      | Found a runed translucent door.
  7825 | D:7      | Noticed Crazy Yiuf
  7831 | D:7      | Killed Crazy Yiuf
  7985 | D:7      | Reached skill level 5 in Fighting
  7985 | D:7      | Reached skill level 5 in Short Blades
  7985 | D:7      | Reached skill level 5 in Long Blades
  7985 | D:7      | Reached skill level 5 in Axes
  7985 | D:7      | Reached skill level 5 in Maces & Flails
  7985 | D:7      | Reached skill level 5 in Polearms
  7985 | D:7      | Reached skill level 5 in Staves
  7985 | D:7      | Reached skill level 5 in Ranged Weapons
  7985 | D:7      | Reached skill level 5 in Throwing
  7985 | D:7      | Reached skill level 5 in Armour
  7985 | D:7      | Reached skill level 5 in Shields
  7985 | D:7      | Reached skill level 5 in Unarmed Combat
  7985 | D:7      | Reached skill level 5 in Evocations
  7985 | D:7      | Reached XP level 10. HP: 74/74 MP: 22/22
  7994 | D:7      | Found Taizatz's Assorted Antiques.
  8051 | D:7      | Found Cuisel's Weapon Boutique.
  8164 | D:7      | Found Beaply's Magic Scroll Shoppe.
  8168 | D:7      | Bought a scroll of blinking for 82 gold pieces
  8295 | D:8      | Reached skill level 9 in Spellcasting
  8341 | D:8      | Reached skill level 5 in Conjurations
  8341 | D:8      | Reached skill level 5 in Summonings
  8341 | D:8      | Reached skill level 5 in Translocations
  8373 | D:8      | Reached **** piety under Sif Muna
  8503 | D:8      | Noticed Gastronok
  8511 | D:8      | Killed Gastronok
  8512 | D:8      | Reached skill level 5 in Shapeshifting
  9083 | D:9      | Reached skill level 5 in Hexes
  9083 | D:9      | Reached skill level 5 in Necromancy
  9083 | D:9      | Reached skill level 5 in Fire Magic
  9083 | D:9      | Reached skill level 5 in Ice Magic
  9083 | D:9      | Reached skill level 5 in Air Magic
  9083 | D:9      | Reached skill level 5 in Earth Magic
  9083 | D:9      | Reached skill level 5 in Alchemy
  9088 | D:9      | Reached XP level 11. HP: 81/81 MP: 24/24
  9154 | D:9      | Found a flagged portal.
  9169 | Bailey   | Entered a bailey
  9184 | Bailey   | Noticed an orc knight
  9198 | Bailey   | Killed an orc knight
  9332 | Bailey   | Reached ***** piety under Sif Muna
  9458 | Bailey   | Identified the +0 pair of gloves of Truth {Rampage *Corrode
                  | Str+3 Dex+9}
  9598 | D:9      | Noticed Maggie
  9608 | D:9      | Killed Maggie
  9776 | D:9      | Noticed a death yak
  9789 | D:9      | Reached skill level 10 in Spellcasting
  9803 | D:9      | Killed a death yak
  9852 | D:9      | Reached XP level 12. HP: 75/91 MP: 26/26
 10091 | D:9      | Received a gift from Sif Muna
 10096 | D:9      | Got Sif Muna's Essays on Transposition and Haze {god gift}
 10103 | D:9      | Learned a level 5 spell: Freezing Cloud
 10555 | D:10     | Entered Level 10 of the Dungeon
 10665 | D:10     | Learned a level 5 spell: Summon Forest
 10684 | D:10     | Found a staircase to the Orcish Mines.
 10804 | D:10     | Noticed a two-headed ogre
 10818 | D:10     | Killed a two-headed ogre
 10861 | D:10     | Found the +5 scythe "Finisher" {speed, execute}
 11077 | D:10     | Found a staircase to the Lair.
 11221 | Orc:1    | Entered Level 1 of the Orcish Mines
 11326 | Orc:1    | Found Qucikoir's Firing Range.
 11560 | Orc:2    | Entered Level 2 of the Orcish Mines
 11560 | Orc:2    | Noticed Donald
 11593 | Orc:1    | Slain by Donald

Illustrated notes

Levels and vault maps discovered:
D:1:      nicolae_arrival_washed_ashore, layout_basic, serial_shops, shop,
          ebering_ecumenical_altar_box, minmay_misc_feat_four_crosses
D:2:      minmay_roachtagon, layout_loops_ring
D:3:      layout_basic, mainiacjoe_overflow_tiny_flanked, serial_rivers,
          chequers_serial_rivers_marsh, chequers_serial_rivers_large_b,
          chequers_serial_rivers_micro_a, chequers_serial_rivers_small_3,
          kennysheep_donut
D:4:      layout_cave_pools, minmay_temple_entry_grid, serial_shops,
          nicolae_shop_tiny_statue_garden, nicolae_ossuary_entry_monument
D:5:      layout_gridville, hangedman_minor_gate_pass, uniq_menkaure
D:6:      layout_loops_ring, nicolae_gozag_cash_rules_everything_around_me,
          elyvilon_altar_1, lemuel_crystal_altar
D:7:      layout_loops_ring, serial_shops, shop, nicolae_shop_tiny_glass,
          kennysheep_mini_moat, shop, shop, uniq_crazy_yiuf_cottage
D:8:      layout_loops_cross, chequers_decorated_corner, uniq_gastronok
D:9:      argonaut_augean_stables, layout_grid_maze, enter_bailey_2,
          glass_columns_a, uniq_maggie
D:10:     layout_cave_pools, lair_entry_dummy, minmay_orc_entry_temple_small,
          minmay_guarded_unrand_finisher
Temple:   regret_index_temple_chain_breaker
Orc:1:    layout_caves, nicolae_shop_firing_range
Orc:2:    st_orc_elflike, layout_diamond_mine, serial_shops,
          nicolae_shop_rolling_square, regret_index_minedec_devilstone,
          uniq_donald

Skill      XL: |  1  2  3  4  5  6  7  8  9 10 11 12 |
---------------+-------------------------------------+-----
Conjurations   | 2 3 4 5 6 |  6.6
Summonings     | 2 3 4 5 6 |  6.6
Translocations | 2 3 4 5 6 |  6.6
Invocations    | 1 2 3 4 5 6 7 8 |  8.2
Fighting       | 1 2 3 4 5 6 7 |  7.5
Short Blades   | 1 2 3 4 5 6 7 |  7.5
Long Blades    | 1 2 3 4 5 6 7 |  7.5
Axes           | 1 2 3 4 5 6 7 |  7.5
Maces & Flails | 1 2 3 4 5 6 7 |  7.5
Polearms       | 1 2 3 4 5 6 7 |  7.5
Staves         | 1 2 3 4 5 6 7 |  7.5
Ranged Weapons | 1 2 3 4 5 6 7 |  7.5
Throwing       | 1 2 3 4 5 6 7 |  7.5
Armour         | 1 2 3 4 5 6 7 |  7.5
Shields        | 1 2 3 4 5 6 7 |  7.5
Unarmed Combat | 1 2 3 4 5 6 7 |  7.5
Evocations     | 1 2 3 4 5 6 7 |  7.5
Shapeshifting  | 1 2 3 4 5 6 |  6.8
Hexes          | 1 2 3 4 5 6 |  6.2
Necromancy     | 1 2 3 4 5 6 |  6.2
Fire Magic     | 1 2 3 4 5 6 |  6.2
Ice Magic      | 1 2 3 4 5 6 |  6.2
Air Magic      | 1 2 3 4 5 6 |  6.2
Earth Magic    | 1 2 3 4 5 6 |  6.2
Alchemy        | 1 2 3 4 5 6 |  6.2
Dodging        | 5 6 7 8 |  8.9
Stealth        | 5 6 7 8 |  8.6
Spellcasting   | 8 9 10 | 10.4

Action                     |  1- 3 |  4- 6 |  7- 9 | 10-12 || total
---------------------------+-------+-------+-------+-------++-------
  Melee: Dagger            |    77 |   249 |   296 |       ||   622
         Bite              |     8 |    34 |    68 |    29 ||   139
         Punch             |     2 |       |       |       ||     2
         Trident           |       |       |   219 |       ||   219
         Halberd           |       |       |     7 |   267 ||   274
         Scythe            |       |       |       |    43 ||    43
  Throw: Dart              |       |     3 |    14 |     6 ||    23
   Cast: Magic Dart        |    11 |    21 |       |       ||    32
         Ensorcelled Hiber |     8 |     3 |       |       ||    11
         Call Imp          |     5 |     8 |    28 |     8 ||    49
         Sandblast         |       |    50 |     9 |       ||    59
         Mephitic Cloud    |       |       |    21 |    19 ||    40
         Blink             |       |       |     4 |     5 ||     9
         Stone Arrow       |       |       |    11 |     1 ||    12
         Swiftness         |       |       |     1 |       ||     1
         Freezing Cloud    |       |       |       |     4 ||     4
         Summon Forest     |       |       |       |     1 ||     1
  Evoke: Wand              |       |     1 |       |       ||     1
    Use: Scroll            |       |     6 |     4 |     3 ||    13
         Potion            |       |       |     6 |       ||     6
   Stab: Sleeping          |     7 |     8 |     4 |     9 ||    28
         Distracted        |       |     4 |     5 |     4 ||    13
         Confused          |       |       |    15 |    19 ||    34
 Armour: Robe              |    50 |   130 |   242 |   175 ||   597
  Dodge: Dodged            |    77 |   217 |   273 |   223 ||   790
  Block: Buckler           |       |    68 |    90 |       ||   158
